AoeStats
← W1ldFyre

Hill Fort

505297964Analyzed
3v3 RM · 25d ago on Sep 8, 2026· 48m 18s· 6 players
Game mode
Random Map
Map size
Normal (6 player)
Population
200
Speed
Normal
Resources
Standard
Victory
Conquest
Starting age
Dark Age
Ending age
Imperial Age
RankedLock teamsTeams togetherTeam positionsShared explorationLock speedFull tech treeHidden civsTurbo modeCheats
Victory
Defeat
🇵🇪 Armenians · Peru
777
+14
🇹🇷 Tatars · Türkiye
775
+14
🇬🇷 Huns · Greece
713
+18
🇮🇲 Franks · Isle of Man
752
-16
🇮🇲 Bohemians · Isle of Man
731
-15
🇬🇧 Vietnamese · United Kingdom
728
-15
W1ldFyre
1:54 Loom
12:35 Feudal Age
13:34 Horse Collar
19:32 Wheelbarrow
21:35 Castle Age
22:41 Padded Archer Armor
22:32 Fletching
22:52 Thumb Ring
23:08 Crossbowman
23:10 Elite Skirmisher
23:58 Pikeman
29:16 Leather Archer Armor
29:48 Bodkin Arrow
31:20 Double-Bit Axe
32:25 Pikeman
36:05 Gold Mining
36:05 Stone Mining
40:01 Imperial Age
38:38 Bow Saw
38:31 Heavy Plow
39:08 Ballistics
39:50 Scale Mail Armor
40:01 Forging
41:24 Paper Money
41:35 Imperial Skirmisher
43:02 Paper Money
47:10 Elite Rattan Archer
joklim
5:19 Loom
10:35 Feudal Age
18:07 Double-Bit Axe
21:47 Castle Age
20:36 Double-Bit Axe
20:44 Gold Mining
22:58 Husbandry
23:18 Light Cavalry
31:23 Scale Barding Armor
31:29 Forging
43:07 Imperial Age
41:18 Iron Casting
41:04 Chain Barding Armor
44:32 Imperial Age
43:19 Bow Saw
44:33 Wheelbarrow
44:35 Cavalier
46:23 Plate Barding Armor
Razzuss
12:59 Feudal Age
13:11 Loom
15:15 Horse Collar
15:30 Double-Bit Axe
16:28 Arson
17:40 Man-at-Arms
20:41 Scale Mail Armor
20:52 Forging
28:53 Castle Age
30:02 Heavy Plow
34:51 Wheelbarrow
36:40 Chain Mail Armor
37:02 Iron Casting
36:28 Padded Archer Armor
40:20 Imperial Age
40:29 Imperial Age
40:04 Ballistics
41:31 Elite Hussite Wagon
46:14 Husbandry
RavenSael
1:29 Loom
11:09 Feudal Age
12:00 Double-Bit Axe
13:37 Horse Collar
21:56 Castle Age
21:21 Forging
21:12 Scale Mail Armor
21:07 Gold Mining
20:57 Man-at-Arms
21:39 Long Swordsman
23:19 Iron Casting
22:20 Two-Handed Swordsman
25:45 Gambesons
28:47 Heavy Plow
31:40 Wheelbarrow
31:40 Bow Saw
32:06 Gold Shaft Mining
33:24 Stone Mining
33:08 Elite Skirmisher
37:44 Imperial Age
34:53 Pikeman
35:38 Town Watch
35:44 Town Watch
36:08 Halberdier
37:34 Squires
40:04 Onager
42:16 Murder Holes
43:23 Chemistry
47:20 Ballistics
Elentin
11:50 Feudal Age
15:34 Loom
19:59 Bloodlines
21:52 Castle Age
20:24 Forging
21:13 Scale Barding Armor
27:32 Double-Bit Axe
27:31 Horse Collar
27:44 Gold Mining
28:44 Iron Casting
32:18 Bow Saw
37:35 Imperial Age
36:32 Wheelbarrow
36:56 Chain Barding Armor
37:37 Hand Cart
37:16 Town Watch
38:45 Conscription
39:13 Marauders
39:44 Husbandry
41:24 Elite Tarkan
43:24 Blast Furnace
Alaz
10:05 Feudal Age
10:31 Double-Bit Axe
12:41 Horse Collar
13:17 Loom
16:38 Fletching
20:18 Castle Age
21:50 Bow Saw
21:42 Heavy Plow
21:49 Bodkin Arrow
21:54 Padded Archer Armor
23:07 Ballistics
23:44 Wheelbarrow
25:42 Stone Mining
25:42 Gold Mining
28:52 Town Watch
30:20 Hand Cart
30:22 Town Patrol
31:13 Leather Archer Armor
33:49 Silk Armor
36:31 Imperial Age
37:24 Timurid Siegecraft
37:55 Crop Rotation
37:38 Heavy Cavalry Archer
39:15 Bracer
39:45 Ring Archer Armor
40:39 Gold Shaft Mining
41:29 Siege Engineers
42:25 Chemistry
45:45 Forging
45:40 Scale Barding Armor
45:02 Elite Keshik
47:30 Iron Casting
Connection lost

Rejoining the realm…

Still unreachable

The connection could not be restored.

Session expired

The server has moved on; the page needs a fresh start.